 Dungeon Crawl Stone Soup version 0.23.2-1-ga50397a6bc (webtiles) character file.

Game seed: 10609672231916739596

984 Masnef the Covert (level 7, -2/29 HPs)
             Began as a Felid Enchanter on May 12, 2019.
             Was a Believer of Hepliaklqana.
             Slain by a scorpion (5 damage)
             ... on level 7 of the Dungeon.
             The game lasted 00:26:27 (8647 turns).

Masnef the Covert (Felid Enchanter)                 Turns: 8647, Time: 00:26:28

Health: -2/29      AC:  2    Str:  4    XL:     7   Next: 97%
Magic:  14/14      EV: 20    Int: 19    God:    Hepliaklqana [**....]
Gold:   288        SH:  0    Dex: 16    Spells: 6/14 levels left
                                        Lives:  0   Deaths: 2

rFire    . . .     SeeInvis +     - Unarmed
rCold    + + .     Gourm    .   (shield unavailable)
rNeg     + . .     Faith    +   (armour unavailable)
rPois    +         Spirit   .   (helmet unavailable)
rElec    +         Reflect  .   (cloak unavailable)
rCorr    +         Harm     .   (gloves unavailable)
MR       +....                  (boots unavailable)
Stlth    +++++.....             c - amulet of faith
HPRegen  0.09/turn              h - ring of ice
MPRegen  0.14/turn              l - ring of positive energy

@: resistant, quick
A: very small, no armour, no weapons or thrown items, stealth, reduced essence,
claws 1, fangs 3, see invisible, carnivore, speed 1, shaggy fur 2, slow
metabolism 1, sharp paws
a: Recall Ancestor, Ancestor Identity, Renounce Religion


You were on level 7 of the Dungeon.
You worshipped Hepliaklqana.
Hepliaklqana was pleased with you.
You were not hungry.

You visited 2 branches of the dungeon, and saw 10 of its levels.

You collected 288 gold pieces.

Inventory:

Missiles
 g - 200 arrows
Jewellery
 c - an amulet of faith (around neck)
 h - a ring of ice (left paw)
 l - a ring of positive energy (right paw)
Wands
 o - a wand of polymorph (5)
 w - a wand of iceblast (6)
Scrolls
 a - 7 scrolls of remove curse
 e - a scroll of identify
 f - 2 scrolls of enchant armour
 i - 2 scrolls of immolation
Potions
 j - a potion of agility
 k - 2 potions of haste
 m - a potion of flight {unknown}
 n - 3 potions of might
 p - 2 potions of lignification
 q - a potion of degeneration
 r - 2 potions of brilliance
 t - a potion of heal wounds {unknown}
 u - a potion of curing
Comestibles
 b - 18 rations


   Skills:
 * Level 4.7 Fighting
 + Level 4.5 Dodging
 + Level 9.2 Stealth
 * Level 6.7 Unarmed Combat
 + Level 4.3 Spellcasting
 + Level 7.2 Hexes


You had 6 spell levels left.
You knew the following spells:

 Your Spells              Type           Power        Failure   Level  Hunger
b - Ensorcelled Hibernat  Hex/Ice        ####..       4%          2    #......
c - Confuse               Hex            ####....     1%          3    ###....
d - Dazzling Spray        Conj/Hex       ###...       9%          3    ###....

Your spell library contained the following spells:

 Spells                   Type           Power        Failure   Level  Hunger
 Corona                   Hex            ####...      1%          1    None
 Tukima's Dance           Hex            ####....     1%          3    ###....


Dungeon Overview and Level Annotations

Branches:
Dungeon (9/15)             Temple (1/1) D:4
   Lair: D:8-11         Orc: D:9-12

Altars:
Ashenzari
Cheibriados
Dithmenos
Elyvilon
Fedhas
Gozag
Hepliaklqana
Kikubaaqudgha
Nemelex Xobeh
Ru
Sif Muna
Uskayaw
Vehumet
Wu Jian
Xom
Yredelemnul
Zin
The Shining One


Innate Abilities, Weirdness & Mutations

You cannot wear armour.
You are incapable of wielding weapons or throwing items.
Your paws allow you to move quietly. (Stealth)
You have sharp claws.
You have razor-sharp teeth.
You have supernaturally acute eyesight. (SInv)
You are carnivorous and can eat meat at any time.
You cover ground quickly.
You are covered in thick fur. (AC +2)
You have a slow metabolism.
Your sharp claws are effective at attacking unaware monsters.
Your life essence is reduced to manifest your ancestor. (-10% HP)


Message History

You start resting.
Magic restored.
You start resting.
The kobold is too close now for your liking.
The kobold zaps a wand.
Titus is enslaved!
Titus hits you with a +0 quarterstaff!
* * * LOW HITPOINT WARNING * * *
Okay, then.
Found a stone staircase leading down.
There is an open door here.
A scorpion comes into view.
There is an open door here.
You close the door.
Titus opens the door.
Okay, then.
It was a potion of resistance.
You feel protected. The scorpion stings you.
You die...

#.##...######.....#.
#...# ##....## #...#
#..#.# #...# ##.#.##
#...# #.....
#..R#### ##.... #
###....# #R...
#.####....######.#..
#.s@.R..............
######....#######.##
#............##
###...........#
.........#.#
.....K...#..
###########.
........ ........


You could see Titus the battlemage and a scorpion.

Vanquished Creatures
  A hungry ghost (D:7)
  Duvessa (D:7)
  A black bear (D:6)
  A phantom (D:6)
  2 ogres
  2 centaurs (D:6)
  A big kobold (D:7)
  2 bullfrogs (D:6)
  Dowan (D:7)
  3 scorpions
  A hound (D:4)
  2 bullfrog skeletons
  2 orc priests (D:4)
  A gnoll shaman (D:6)
  3 orc wizards
  2 iguanas
  7 worker ants
  5 gnolls (D:6)
  4 adders
  3 worms (D:2)
  3 dart slugs
  6 leopard geckos
  13 orcs
  2 ball pythons
  7 bats
  2 giant cockroaches
  5 goblins
  6 hobgoblins
  3 jackals (D:5)
  4 quokkas
  A ball python zombie (D:5)
  5 frilled lizards
  A jackal skeleton (D:8)
  5 kobolds
  4 rats
112 creatures vanquished.

Vanquished Creatures (collateral kills)
  A sky beast (D:5)
  A phantom (D:5)
  A bullfrog (D:8)
  2 crimson imps
  A bullfrog skeleton (D:5)
  An orc wizard (D:4)
  An adder (D:6)
  2 shadow imps (D:6)
  An adder zombie (D:5)
  7 orcs
  A jackal (D:5)
  A quokka (D:8)
  A leopard gecko skeleton (D:6)
  A quokka zombie (D:7)
22 creatures vanquished.

Vanquished Creatures (others)
  5 ancestors
  A battlemage (D:7)
6 creatures vanquished.

Grand Total: 140 creatures vanquished

Notes
Turn   | Place    | Note
-------+----------+-------------------------------------------
     0 | D:1      | Masnef the Felid Enchanter began the quest for the Orb.
     0 | D:1      | Reached XP level 1. HP: 7/7 MP: 4/4
   300 | D:1      | Reached XP level 2. HP: 9/11 MP: 6/6
   830 | D:1      | Learned a level 2 spell: Ensorcelled Hibernation
  1136 | D:2      | Reached XP level 3. HP: 15/15 MP: 0/7
  1999 | D:2      | Reached skill level 5 in Stealth
  2382 | D:3      | Reached skill level 1 in Fighting
  2561 | D:3      | Reached XP level 4. HP: 19/19 MP: 5/8
  2640 | D:3      | Learned a level 3 spell: Confuse
  3422 | D:4      | Reached skill level 5 in Hexes
  3556 | D:4      | Reached XP level 5. HP: 22/22 MP: 9/9
  3585 | D:4      | Reached skill level 6 in Stealth
  3902 | D:4      | Noticed an ogre
  3926 | D:4      | Killed an ogre
  3926 | D:4      | Gained mutation: You are covered in thick fur. (AC +2)
                  | [Felid growth]
  3926 | D:4      | Reached XP level 6. HP: 26/26 MP: 9/11
  3927 | D:4      | Found a staircase to the Ecumenical Temple.
  3935 | D:4      | Reached skill level 7 in Stealth
  3938 | Temple   | Entered the Ecumenical Temple
  3955 | Temple   | Became a worshipper of Hepliaklqana the Forgotten
  4342 | D:4      | HP: 1/24 [poisoned by a worker ant]
  4690 | D:4      | Found a sacrificial altar of Ru.
  5566 | D:5      | Entered Level 5 of the Dungeon
  5719 | D:5      | Reached XP level 7. HP: 5/27 MP: 1/12
  6567 | D:5      | Found a white marble altar of Elyvilon.
  6628 | D:5      | Reached * piety under Hepliaklqana
  6649 | D:5      | Found a basalt altar of Yredelemnul.
  6702 | D:6      | Learned a level 3 spell: Dazzling Spray
  6739 | D:6      | Reached XP level 8. HP: 21/30 MP: 9/14
  6856 | D:6      | Found a hide-covered altar of Uskayaw.
  6864 | D:6      | You fall through a shaft for 3 floors!
  6917 | D:9      | Reached skill level 8 in Stealth
  7087 | D:8      | Found an ancient bone altar of Kikubaaqudgha.
  7156 | D:6      | Reached skill level 5 in Unarmed Combat
  7222 | D:6      | HP: 1/32 [bullfrog (6)]
  7223 | D:6      | Slain by a bullfrog
  7224 | D:6      | Reached XP level 7. HP: -3/27 MP: 12/13
  7586 | D:6      | Reached XP level 8. HP: 32/32 MP: 15/15
  7673 | D:6      | Reached ** piety under Hepliaklqana
  7674 | D:6      | Remembered your ancestor Titus as a battlemage
  7823 | D:6      | Found a glowing silver altar of Zin.
  7953 | D:7      | Noticed Duvessa
  7975 | D:7      | Shot with an arrow by a centaur
  7976 | D:7      | Reached XP level 7. HP: -9/29 MP: 14/14
  8258 | D:7      | Noticed Dowan
  8261 | D:7      | Killed Duvessa
  8261 | D:7      | Reached skill level 9 in Stealth
  8269 | D:7      | Killed Dowan
  8460 | D:7      | Noticed a hungry ghost
  8472 | D:7      | Killed a hungry ghost
  8647 | D:7      | Slain by a scorpion

Skill      XL: |  1  2  3  4  5  6  7  8 |
---------------+-------------------------+-----
Dodging        | 3 4 |  4.5
Stealth        | 5 6 7 9 8 |  9.2
Fighting       | 1 2 4 |  4.7
Unarmed Combat | 2 3 6 5 |  6.7
Hexes          | 5 7 |  7.2
Spellcasting   | 3 4 |  4.3

Action                   |  1- 3 |  4- 6 |  7- 9 || total
-------------------------+-------+-------+-------++-------
Melee: Unarmed           |   120 |   109 |   153 ||   382
       Bite              |     7 |     6 |     9 ||    22
       Punch             |     2 |       |     1 ||     3
 Cast: Ensorcelled Hiber |    19 |    28 |    30 ||    77
       Corona            |     3 |     1 |       ||     4
       Confuse           |       |     6 |    11 ||    17
       Dazzling Spray    |       |       |     2 ||     2
Invok: Recall Ancestor   |       |     4 |     9 ||    13
       Ancestor Life: Ba |       |       |     1 ||     1
  Use: Scroll            |       |     6 |     8 ||    14
       Potion            |       |       |     1 ||     1
 Stab: Sleeping          |    18 |    29 |    16 ||    63
       Distracted        |     1 |       |     3 ||     4
       Confused          |       |       |     6 ||     6
       Invisible         |       |       |     1 ||     1
  Eat: Chunk             |    11 |     7 |    12 ||    30
Armor: Skin              |     9 |    10 |     4 ||    23
Dodge: Dodged            |   137 |    72 |   158 ||   367
